 Dungeon Crawl Stone Soup version 0.31.0 (webtiles) character file.

Game seed: 16480370562496249381

56 qw the Shooter (level 3, 0/23 HPs)
             Began as a Gargoyle Hunter on Jan 20, 2024.
             Killed from afar by Sigmund (8 damage)
             ... with a puff of flame
             ... on level 2 of the Dungeon.
             The game lasted 00:00:04 (934 turns).

qw the Shooter (Gargoyle Hunter)                     Turns: 934, Time: 00:00:04

Health: 0/23       AC:  7    Str: 14    XL:     3   Next: 95%
Magic:  3/3        EV: 11    Int:  9    God:
Gold:   85         SH:  0    Dex: 15    Spells: 2/2 levels left

rFire   . . .        a - +0 shortbow (flame)
rCold   . . .        (shield currently unavailable)
rNeg    + . .        c - +0 leather armour
rPois   inf          (no helmet)
rElec   +            i - +0 cloak
rCorr   .            (no gloves)
SInv    +            (no boots)
Will    .....        (no amulet)
Stlth   ++           b - ring of see invisible
HPRegen 0.23/turn    (no ring)
MPRegen 0.08/turn

%: no passive effects
@: no status effects
A: sickness immunity, AC +3, negative energy resistance 1, electricity
resistance, torment resistance 1, petrification resistance
a: no special abilities


You were on level 2 of the Dungeon.
You visited 1 branch of the dungeon, and saw 2 of its levels.

You collected 85 gold pieces.


Innate Abilities, Weirdness & Mutations

You are immune to sickness and miasma.
Your stone body is resilient. (AC +3)
You are immune to poison.
You resist negative energy. (rN+)
You are resistant to electric shocks. (rElec)
You are resistant to unholy torment.
You are immune to petrification.


   Skills:
 - Level 3.0 Fighting
 + Level 5.1 Ranged Weapons
 - Level 1.5 Dodging
 - Level 1.1 Stealth


You had 2 spell levels left.
You didn't know any spells.
Your spell library was empty.

Inventory:

Hand Weapons
 a - a +0 shortbow of flaming (weapon)
Armour
 c - a +0 leather armour (worn)
 i - a +0 cloak (worn)
Jewellery
 b - a ring of see invisible (left hand)
Scrolls
 g - a scroll of teleportation
Potions
 f - a potion of curing

Dungeon Overview and Level Annotations

Branches:
Dungeon (2/15)

Altars:

Shops:
D:2 :

Annotations:
D:2 Sigmund


Message History

914 ||| STAIRDANCE The kobold hits you but does no damage.
You climb upwards.
There is a stone staircase leading down here.
You shoot an arrow. The arrow closely misses the kobold.
The kobold hits you but does no damage.
You shoot an arrow. The arrow hits the kobold!
The arrow burns the kobold.
You kill the kobold!
Your Fighting skill increases to level 3!
Done exploring.
What level of the Dungeon? (default 2, ? - help)
You climb downwards.
Level annotation: Sigmund Sigmund gestures at you while chanting.
The magic dart hits you.
There is a stone staircase leading up here.
920 ||| STAIRDANCE You climb upwards.
There is a stone staircase leading down here.
You start resting.
HP restored.
Done exploring.
What level of the Dungeon? (default 2, ? - help)
You climb downwards.
Level annotation: Sigmund Sigmund barely misses you.
There is a stone staircase leading up here.
Sigmund is nearby!
You shoot an arrow. The arrow hits Sigmund!
The arrow burns Sigmund.
Sigmund is heavily wounded.
You shoot an arrow. The arrow barely misses Sigmund.
Sigmund barely misses you.
You shoot an arrow. The arrow hits Sigmund!
The arrow burns Sigmund.
Sigmund is almost dead.
Sigmund hits you from afar with a +2 scythe of flaming!
Sigmund burns you.
934 ||| STAIRDANCE Sigmund zaps a wand.
The puff of flame hits you!
You die...
Sigmund begins carving another notch in his scythe.

## ..# #.# # #.# .. ... .# #.# .#
.... .# ##### #.# .##..# .#
#...####.##.#..# .#
#########...##...(....## .#
#.......#@..##.#....K..## .#
#.#####.#...##.#........#.
.#######.#####...@.##.#..........
.'...................>#......@...
.###.....#######...##.#..........
####.##### #...##.#......\...
...#.# ######.#....#####. ...#.##
.....### ...'... .....#


You could see Sigmund (invisible).

Vanquished Creatures
  2 adders (D:2)
  2 ball pythons
  6 bats
  4 endoplasms
  7 hobgoblins
  5 jackals (D:1)
  3 kobolds
  3 rats
32 creatures vanquished.

Notes
Turn   | Place    | Note
-------+----------+-------------------------------------------
     0 | D:1      | qw the Gargoyle Hunter began the quest for the Orb.
     0 | D:1      | Reached XP level 1. HP: 12/12 MP: 1/1
     0 | D:1      | 0 ||| qw: Version: 0.3-a-132-g3d54051
     0 | D:1      | 0 ||| qw: Game counter: 423
     0 | D:1      | 0 ||| qw: Melee chars always use a shield: true
     0 | D:1      | 0 ||| qw: God list: Okawaru
     0 | D:1      | 0 ||| qw: Allow faded altars: false
     0 | D:1      | 0 ||| qw: Do Orc after clearing Dungeon:15 true
     0 | D:1      | 0 ||| qw: Do second Lair branch before Depths: true
     0 | D:1      | 0 ||| qw: Lair rune preference: random
     0 | D:1      | 0 ||| qw: Goals: Normal
     0 | D:1      | 0 ||| PLANNING D:1-11
   166 | D:1      | Reached XP level 2. HP: 12/17 MP: 2/2
   430 | D:1      | Reached XP level 3. HP: 12/21 MP: 3/3
   586 | D:1      | 586 ||| UPGRADING to +0 cloak.
   591 | D:1      | 591 ||| READING scroll labelled IXZID PUINO.
   692 | D:1      | 692 ||| READING 2 scrolls labelled NOISYZO EDEV.
   695 | D:1      | 695 ||| READING 2 scrolls labelled GEIWAL SICEIMY.
   695 | D:1      | 695 ||| IDENTIFYING black potion
   696 | D:1      | 696 ||| READING scroll of identify.
   696 | D:1      | 696 ||| IDENTIFYING lumpy orange potion
   697 | D:1      | 697 ||| READING scroll labelled OLEYHE ODEAV.
   698 | D:1      | 698 ||| READING scroll labelled SAVOCR EPPOSHUY.
   698 | D:1      | 698 ||| BRANDING +0 shortbow.
   699 | D:1      | 699 ||| DROPPING scroll of butterflies.
   700 | D:1      | 700 ||| DROPPING potion of berserk rage.
   721 | D:2      | Found a faded altar of an unknown god.
   727 | D:2      | Reached skill level 5 in Ranged Weapons
   727 | D:2      | 727 ||| STAIRDANCE
   873 | D:2      | Found Useofaeng's Book Emporium.
   883 | D:2      | Noticed Sigmund
   885 | D:2      | 885 ||| FLEEEEING.
   886 | D:2      | 886 ||| FLEEEEING.
   887 | D:2      | 887 ||| FLEEEEING.
   888 | D:2      | 888 ||| FLEEEEING.
   896 | D:2      | 896 ||| STAIRDANCE
   910 | D:1      | 910 ||| UPGRADING to ring of see invisible.
   914 | D:2      | 914 ||| STAIRDANCE
   918 | D:1      | Reached skill level 3 in Fighting
   920 | D:2      | 920 ||| STAIRDANCE
   934 | D:2      | 934 ||| STAIRDANCE
   934 | D:2      | Killed from afar by Sigmund

Levels and vault maps discovered:
D:1:      giann_wishing_wells, layout_basic
D:2:      layout_basic, serial_shops, shop, nicolae_ecumenical_pavilion,
          serial_park_tiny_pond, corexii_shack,
          minmay_fractal_squares_gapless_5, uniq_sigmund

Skill      XL: |  1  2  3 |
---------------+----------+-----
Ranged Weapons | 5 |  5.1
Fighting       | 3 |  3.0
Dodging        | |  1.5
Stealth        | |  1.1

Action                     || total
---------------------------++-------
   Fire: Shortbow          ||   106
    Use: Scroll            ||     6
 Armour: Leather armour    ||    41
  Dodge: Dodged            ||    30

Table legend:
 A = Non-vault XP
 B = Vault XP
 C = Vault XP percentage of total XP
 D = Non-vault monster count
 E = Vault monster count
 F = Vault count percentage of total count
                 A         B        C        D         E       F
            +---------+---------+-------+---------+---------+-------
      Total |      80 |       0 |   0.0 |      32 |       0 |   0.0
            +---------+---------+-------+---------+---------+-------
        D:1 |      36 |       0 |   0.0 |      20 |       0 |   0.0
        D:2 |      44 |       0 |   0.0 |      12 |       0 |   0.0
            +---------+---------+-------+---------+---------+-------
